 Dungeon Crawl Stone Soup version 0.29.0-5-ge4962eb29e (webtiles) character file.

Game seed: 6327057564822347834

184 unlimited1921 the Magician (level 5, 0/35 HPs)
             Began as a Djinni Fire Elementalist on Aug 28, 2022.
             Slain by an orc priest
             ... wielding a +0 long sword
              (7 damage)
             ... on level 3 of the Dungeon.
             The game lasted 00:10:55 (2532 turns).

unlimited1921 the Magician (DjFE)                   Turns: 2532, Time: 00:10:57

Health: 0/35       AC:  4    Str:  7    XL:     5   Next: 96%
Gold:   122        EV: 12    Int: 18    God:
                   SH:  0    Dex: 14

rFire   + + .      SeeInvis .   q - +4 quarterstaff (chaos)
rCold   x . .      Faith    .   (shield currently unavailable)
rNeg    . . .      Spirit   .   g - +0 leather armour
rPois   ∞          Reflect  .   (no helmet)
rElec   .          Harm     .   p - +0 cloak
rCorr   .          Rampage  .   (no gloves)
Will    .....                   (boots unavailable)
Stlth   ++........              i - amulet of regeneration
HPRegen 0.91/turn               (no ring)
MPRegen 0.00/turn               (no ring)

@: flying, very slightly contaminated
A: sickness immunity, fire resistance 2, cold vulnerability 1, float, innate
caster, HP casting, extra vitality 1
a: no special abilities


You were on level 3 of the Dungeon.
You visited 1 branch of the dungeon, and saw 3 of its levels.

You collected 122 gold pieces.

Inventory:

Hand Weapons
 c - a +0 short sword
 k - a +0 mace
 q - a +4 quarterstaff of chaos (weapon)
 r - a +0 hammer
Missiles
 d - 12 stones
Armour
 a - a +0 robe
 g - a +0 leather armour (worn)
 n - a +0 ring mail
 p - a +0 cloak (worn)
Jewellery
 h - a ring of ice
 i - an amulet of regeneration (around neck)
Scrolls
 b - a scroll of identify {unknown}
 e - a scroll of amnesia {unknown}
 j - a scroll of vulnerability {unknown}
 l - a scroll of blinking {unknown}
 m - a scroll of teleportation {unknown}
Potions
 f - 2 potions of lignification {unknown}
 o - a potion of heal wounds {unknown}
 s - a potion of curing {unknown}
 t - 2 potions of attraction {unknown}
 u - a potion of mutation {unknown}


   Skills:
 + Level 0.1 Fighting
 + Level 0.9 Armour
 + Level 2.6 Dodging
 + Level 2.0 Stealth
 + Level 4.3 Spellcasting


You couldn't memorise any spells.
You knew the following spells:

 Your Spells              Type           Power      Damage    Failure   Level
a - Foxfire               Conj/Fire      76%        2x1d7     3%          1
b - Scorch                Fire           38%        2d6       5%          2
c - Conjure Flame         Conj/Fire      19%        6-21      11%         3
d - Inner Flame           Hex/Fire       19%        N/A       11%         3
e - Flame Wave            Conj/Fire      19%        2d7       34%         4
f - Summon Small Mammal   Summ           76%        N/A       3%          1
g - Poisonous Vapours     Pois/Air       38%        N/A       5%          2
Your spell library was empty.

Dungeon Overview and Level Annotations

Branches:
Dungeon (3/15)

Altars:

Shops:
D:3 =


Innate Abilities, Weirdness & Mutations

You are immune to sickness and miasma.
You are immune to poison.
Your flesh is very heat resistant. (rF++)
You are vulnerable to cold. (rC-)
You float through the air rather than walking.
You learn spells naturally, not from books.
Your magical power is your life essence.
You have superior vitality. (+4 MHP)


Message History

Flames lash the orc.
You kill the orc!
The orc priest hits you with a +0 long sword.
Casting: Scorch (safe; 5% risk of failure)
Confirm with . or Enter, or press ? or * to list all spells.
Flames lash the orc priest.
The orc priest is severely wounded.
The orc priest's fire resistance burns away.
Casting: Scorch (safe; 5% risk of failure)
Confirm with . or Enter, or press ? or * to list all spells.
Flames lash the orc priest but do no damage.
The orc priest mumbles some strange prayers to Beogh against you.
Beogh smites you!
The orc priest calls upon Beogh to heal the orc priest.
The orc priest is healed somewhat.
Casting: Scorch (safe; 5% risk of failure)
Confirm with . or Enter, or press ? or * to list all spells.
Flames lash the orc priest.
The orc priest is heavily wounded.
The orc priest's fire resistance burns away.
The orc priest looks encouraged for a moment.
Casting: Scorch (safe; 5% risk of failure)
Confirm with . or Enter, or press ? or * to list all spells.
You don't know that spell.
Unknown command.
Casting: Scorch (safe; 5% risk of failure)
Confirm with . or Enter, or press ? or * to list all spells.
You miscast Scorch.
You are very lightly contaminated with residual magic.
Nothing appears to happen.
* * * LOW HITPOINT WARNING * * *
The orc priest hits you with a +0 long sword.
* * * LOW HITPOINT WARNING * * *
Casting: Scorch (safe; 5% risk of failure)
Confirm with . or Enter, or press ? or * to list all spells.
Flames lash the orc priest.
The orc priest is burned terribly!
You kill the orc priest!
* * * LOW HITPOINT WARNING * * *
The orc priest hits you with a +0 long sword!
You die...

#.# #.# ### ###.# #..
...# #.# #.)##### #.#
#∩.#...#
######.#######))..#
#......##.....†@o#
#......#.....#....#
#....)................
#.....##..........####
#.....###...##...##
###.### #######.## #.#
#.# #.#### #.# #....#


You could see an orc priest (combustible).

Vanquished Creatures
  Crazy Yiuf (D:2)
  2 orc priests
  An orc wizard (D:3)
  4 adders
  2 worms (D:2)
  5 orcs
  5 endoplasms
  A giant cockroach (D:2)
  7 goblins
  2 hobgoblins
  3 jackals (D:1)
  A quokka (D:1)
  4 ball pythons
  9 bats
  5 frilled lizards
  4 kobolds
  3 rats
59 creatures vanquished.

Vanquished Creatures (others)
  221 foxfires
221 creatures vanquished.

Grand Total: 280 creatures vanquished

Notes
Turn   | Place    | Note
-------+----------+-------------------------------------------
     0 | D:1      | unlimited1921 the Djinni Fire Elementalist began the quest
                  | for the Orb.
     0 | D:1      | unlimited1921 set off with the following spells memorised:
                  | Foxfire, Scorch, Conjure Flame, Inner Flame, Flame Wave.
     0 | D:1      | Reached XP level 1. HP: 15/15 MP: 0/0
  1031 | D:1      | Reached XP level 2. HP: 14/21 MP: 0/0
  1404 | D:1      | Found a faded altar of an unknown god.
  1414 | D:1      | Reached skill level 3 in Spellcasting
  1452 | D:1      | Reached XP level 3. HP: 23/25 MP: 0/0
  1452 | D:1      | Learned a level 1 spell: Summon Small Mammal
  1576 | D:2      | Reached XP level 4. HP: 30/31 MP: 0/0
  1990 | D:2      | Found a runed translucent door.
  1991 | D:2      | Noticed Crazy Yiuf
  1996 | D:2      | Killed Crazy Yiuf
  2092 | D:3      | Reached XP level 5. HP: 19/35 MP: 0/0
  2092 | D:3      | Learned a level 2 spell: Poisonous Vapours
  2132 | D:2      | Reached skill level 4 in Spellcasting
  2524 | D:3      | Found Keruq's Jewellery Boutique.
  2532 | D:3      | Slain by an orc priest

Illustrated notes

Levels and vault maps discovered:
D:1:      ebering_hopf_link, layout_basic, ebering_ecumenical_altar_box
D:2:      layout_rooms, uniq_crazy_yiuf_cottage
D:3:      layout_loops_corners, serial_shops, shop, ebering_ghost_disaster_area

Skill      XL: |  1  2  3  4  5 |
---------------+----------------+-----
Spellcasting   | 3 4 |  4.3
Stealth        | 2 |  2.0
Fighting       | |  0.1
Armour         | |  0.9
Dodging        | |  2.6

Action                   |  1- 3 |  4- 6 || total
-------------------------+-------+-------++-------
Melee: Short sword       |     2 |       ||     2
 Cast: Foxfire           |    56 |    88 ||   144
       Scorch            |    10 |    15 ||    25
       Poisonous Vapours |       |     1 ||     1
Armor: Robe              |     2 |       ||     2
       Leather armour    |     1 |     1 ||     2
Dodge: Dodged            |     8 |    12 ||    20
